Description

This kind of cheese can be really challenging to hold but there is some ways to know about it :

  • You need to scout it really fast (that the reason why protoss scout early)
  • This ZvP cheese is really engaging for the zerg
  • This cheese can't be handle with a fast expand. You have to chronoboost units
  • Add one shield battery
  • Zealots are probably the most important : Better dps and cheaper than adept
  • Stalkers are important to because of the range

VOD

https://youtu.be/sBHBp6ligQA

Replay - Lyrk v zuka - Pillars of Gold LE

Build Order

Get SALT Encoding   

  12  0:00  Probe  
  13  0:12  Probe  
  14  0:20  Pylon  
  14  0:25  Probe (Chrono Boost)  
  15  0:38  Probe (Chrono Boost)  
  15  0:41  Gateway  
  16  0:46  Probe  
  17  0:50  Assimilator  
  17  0:58  Probe  
  18  1:10  Probe  
  19  1:14  Gateway  
  19  1:22  Probe  
  20  1:28  Cybernetics Core  
  20  1:34  Zealot (Chrono Boost)  
  20  1:39  Pylon  
  26  2:03  Zealot (Chrono Boost)  
  26  2:04  Stalker (Chrono Boost)  
  26  2:06  Shield Battery x2  
  26  2:25  Stalker (Chrono Boost)  
  26  2:28  Pylon  
  28  2:32  Stalker  
  30  2:42  Warp Gate  
  29  2:59  Stalker  
  31  3:09  Nexus  
  31  3:14  Pylon  
  31  3:25  Shield Battery  
  31  3:34  Robotics Facility  
  31  3:39  Probe (Chrono Boost)  
  32  3:46  Assimilator  
  33  3:48  Probe (Chrono Boost)  
  34  4:02  Pylon  
  35  4:21  Immortal (Chrono Boost)  
  40  4:43  Stalker x2  
  34  5:02  Immortal (Chrono Boost)  
  40  5:18  Shield Battery  
  40  5:23  Stalker  
  44  5:41  Observer (Chrono Boost)  
  48  5:54  Twilight Council  
Spawning Tool Build Advisor. Get it on Overwolf

Go to:

Details

  • Created by: zuka      
  • Published on: Aug 17, 2020
  • Modified on: Aug 17, 2020
  • Patch: 4.11.0
  • Difficulty: Easy
Show
View Real Time Build Order
Export as new Build Order

Comments (0)

There are no comments. Be the first!

Create an account to comment!